Map: Dusty Gorge

Players

Massa - Winner!

  • Race: Terran Terran
  • League: Gold
  • Spawn Location: 3:00

qqq - Winner!

  • Race: Zerg Zerg
  • League: Platinum
  • Spawn Location: 5:00

KaiBo

  • Race: Protoss Protoss
  • League: Platinum
  • Spawn Location: 9:00

Achilles

  • Race: Protoss Protoss
  • League: Platinum
  • Spawn Location: 11:00

VOD

Have the link to the VOD?

Description

Time

  • Played on: May 15, 2020, 4:41 p.m.
  • Length: 4:31
Show
View Real Time Build Order
Export as new Build Order

Massa Terran - Winner!

Build Orders:  

Get SALT Encoding   

  12  0:07  SCV  
  13  0:14  Supply Depot  
  13  0:19  SCV  
  14  0:31  SCV  
  15  0:52  Barracks  
  16  0:57  SCV, Barracks  
  16  1:09  SCV  
  17  1:31  SCV  
  17  1:43  SCV  
  18  1:50  Marine  
  18  1:55  SCV  
  19  2:07  SCV  
  20  2:08  Marine  
  21  2:16  Barracks  
  21  2:26  Marine  
  22  2:33  Orbital Command  
  22  2:34  Refinery  
  22  2:37  Marine  
  22  2:43  Supply Depot  
  23  3:05  Marine x2  
  25  3:15  Marine  
  26  3:22  Marine x2  
  28  3:33  Marine  
  29  3:40  Marine x2  
  30  3:51  Marine  
  31  4:03  Barracks  
  31  4:08  Supply Depot  
  31  4:09  Marine x3  
Show
View Real Time Build Order
Export as new Build Order

qqq Zerg - Winner!

Build Orders: Pool First 

Get SALT Encoding   

  12  0:19  Spawning Pool  
  11  0:23  Drone  
  11  0:26  Extractor  
  11  0:30  Drone  
  12  0:41  Overlord  
  12  0:46  Drone  
  13  0:54  Drone  
  14  1:02  Drone  
  15  1:08  Drone  
  16  1:18  Zergling x2  
  17  1:22  Queen  
  19  1:32  Metabolic Boost  
  19  1:36  Zergling x2  
  20  1:41  Zergling x2  
  21  1:50  Zergling x2  
  22  2:15  Overlord  
  22  2:17  Overlord  
  22  2:38  Hatchery  
  22  2:39  Zergling x2  
  22  2:40  Zergling x2  
  23  2:56  Zergling x8  
  27  3:12  Zergling x2  
  27  3:20  Zergling x2  
  28  3:38  Zergling x4  
  29  3:49  Zergling x6  
  29  3:52  Overlord  
Show
View Real Time Build Order
Export as new Build Order

KaiBo Protoss 

Build Orders:  

Get SALT Encoding   

  12  0:01  Probe  
  13  0:13  Probe  
  14  0:21  Pylon  
  14  0:25  Probe  
  15  0:39  Probe (Chrono Boost)  
  15  0:42  Gateway  
  17  0:51  Probe (Chrono Boost)  
  17  0:56  Assimilator  
  17  0:57  Probe (Chrono Boost)  
  18  1:12  Pylon  
  18  1:29  Probe  
  19  1:35  Cybernetics Core  
  19  1:40  Gateway  
  19  1:41  Probe (Chrono Boost)  
  20  1:53  Probe (Chrono Boost)  
  21  2:15  Stalker (Chrono Boost)  
  21  2:21  Nexus  
  25  2:41  Assimilator  
  25  2:42  Stalker (Chrono Boost)  
  25  2:46  Probe  
  22  2:58  Probe  
  25  3:26  Pylon  
  23  3:28  Pylon  
Show
View Real Time Build Order
Export as new Build Order

Achilles Protoss 

Build Orders:  

Get SALT Encoding   

  12  0:01  Probe  
  13  0:13  Probe  
  14  0:25  Probe, Pylon  
  15  0:43  Probe  
  15  0:49  Gateway  
  16  0:52  Assimilator  
  16  0:55  Probe  
  17  1:08  Pylon  
  17  1:14  Forge  
  17  1:15  Probe  
  18  1:23  Pylon  
  18  1:33  Pylon  
  18  1:40  Assimilator  
  18  2:14  Nexus  
  17  2:17  Cybernetics Core  
  17  2:19  Probe  
  18  2:31  Probe  
  18  2:33  Pylon  
  19  2:39  Zealot (Chrono Boost)  
  21  2:46  Probe  
  21  2:48  Warp Gate (Chrono Boost)  
  22  2:58  Probe  
  23  3:10  Photon Cannon  
  23  3:22  Stalker  
  25  3:45  Pylon  
  25  3:46  Photon Cannon  
  23  3:52  Photon Cannon  
  23  3:55  Stalker (Chrono Boost)  
  25  4:12  Photon Cannon  
Tags
 
Add a new tag
Caveats
  • Supply blocks, unpowered buildings, or Contaminate may cause inaccurate times.
  • Supply counts are checked every 10 seconds.